 Dungeon Crawl Stone Soup version 0.25-a0-886-gd7461d2276 (webtiles) character file.

Game seed: 8608573409198346552, levelgen mode: deterministic

619793 DildoBatman the Petrodigitator (level 27, -3/201 HPs)
             Began as a Formicid Wizard on Apr 30, 2020.
             Was an Initiate of Gozag.
             Killed by divine providence
             ... invoked by a mummy priest
              (11 damage)
             ... on level 3 of the Tomb of the Ancients on May 2, 2020.
             The game lasted 04:25:14 (56579 turns).

DildoBatman the Petrodigitator (Formicid Wizard)   Turns: 56579, Time: 04:25:14

Health: -3/201     AC: 36    Str: 13 (14) XL:     27
Magic:  4/43       EV: 16    Int: 38 (39) God:    Gozag
Gold:   375        SH: 18    Dex: 11      Spells: 6/58 levels left

rFire    . . .     SeeInvis +   a - staff of energy
rCold    + + .     Gourm    .   A - +0 tower shield
rNeg     + + +     Faith    .   o - +4 troll leather armour
rPois    ∞         Spirit   .   (helmet unavailable)
rElec    .         Reflect  .   B - +0 cloak {rPois}
rCorr    +         Harm     .   y - +1 pair of gloves of Atheism {rCorr Dex+2 SInv}
MR       ++++.     Clarity  +   c - +5 pair of boots of Dogmatism {rPois MR+ Int+3}
Stlth    ++........             m - amulet of magic regeneration
HPRegen  0.83/turn              f - ring of Youthful Indiscretion {rC+ Int+7}
MPRegen  0.53/turn              h - +2 ring of protection

@: icy armour, lich-form, aura of abjuration, gold aura, studying Fighting
A: permanent stasis, dig shafts and tunnels, four strong arms, antennae 3,
hooves 1, rugged brown scales 1, clarity, poison resistance
}: 3/15 runes: decaying, serpentine, silver
a: Dig, Shaft Self, End Transformation, Potion Petition, Call Merchant, Bribe
Branch, Renounce Religion


You were on level 3 of the Tomb of the Ancients.
You worshipped Gozag.
Gozag was aware of your devotion.
You were not hungry.
You were a lich.
You visited 10 branches of the dungeon, and saw 46 of its levels.
You also visited: Sewer and Ice Cave.

You collected 25732 gold pieces.
You spent 9384 gold pieces at shops.
You paid 15973 gold pieces to Gozag.

Inventory:

Hand Weapons
 b - the +10 battleaxe "Qagaeq" {vorpal, +Blink Str-4 Int+7}
   (You bought it in a shop on level 3 of the Vaults)

   It inflicts extra damage upon your enemies.
   It affects your strength (-4).
   It affects your intelligence (+7).
   It lets you blink.
 e - the +10 morningstar "Eos" {elec, Halo rElec}
   (You found it on level 5 of the Vaults)

   Occasionally, upon striking a foe, it will discharge some electrical energy
   and cause terrible harm.
   It insulates you from electricity.
Missiles
 I - 2 throwing nets (quivered)
Armour
 c - the +5 pair of boots of Dogmatism (worn) {rPois MR+ Int+3}
   (You bought it in a shop on level 1 of the Tomb of the Ancients)

   It affects your intelligence (+3).
   It protects you from poison.
   It affects your resistance to hostile enchantments.
 o - a +4 troll leather armour (worn)
 y - the +1 pair of gloves of Atheism (worn) {rCorr Dex+2 SInv}
   (You found it on level 1 of the Vaults)

   It affects your dexterity (+2).
   It lets you see invisible.
   It provides partial protection from all sources of acid and corrosion.
 A - a +0 tower shield (worn)
 B - a +0 cloak of poison resistance (worn)
Magical Staves
 a - an uncursed staff of energy (weapon)
Jewellery
 f - the ring of Youthful Indiscretion (left hand) {rC+ Int+7}
   (You found it on level 1 of the Elven Halls)

   [ring of protection from cold]

   It affects your intelligence (+7).
   It protects you from cold.
 h - a +2 ring of protection (right hand)
 l - an uncursed ring of protection from fire
 m - an amulet of magic regeneration (around neck)
 n - a +4 amulet of reflection {unknown}
 r - the amulet of Qokhivep {Regen+ Str-5 Int+7 SInv}
   (You took it off a deep elf mage on level 5 of the Vaults)

   [amulet of regeneration]

   It affects your strength (-5).
   It affects your intelligence (+7).
   It lets you see invisible.
   It increases your rate of regeneration.
 U - the ring of Udadouky {Wiz rPois rC+ rN+ MR+}
   (You found it on level 5 of the Vaults)

   [ring of wizardry]

   It improves your spell success rate.
   It protects you from cold.
   It protects you from poison.
   It protects you from negative energy.
   It affects your resistance to hostile enchantments.
Wands
 d - a wand of scattershot (4)
 D - a wand of iceblast (11)
 L - a wand of disintegration (24)
 Q - a wand of clouds (9)
 Y - a wand of acid (1)
Scrolls
 j - 2 scrolls of enchant armour
 w - 9 scrolls of amnesia
 x - 17 scrolls of remove curse
 z - 25 scrolls of identify
 C - 5 scrolls of magic mapping
 K - 4 scrolls of acquirement
 O - 8 scrolls of fog
 P - 3 scrolls of immolation
Potions
 i - 13 potions of might
 p - 4 potions of heal wounds
 q - 4 potions of magic
 t - 4 potions of cancellation
 E - 14 potions of curing
 G - 7 potions of stabbing
 H - 2 potions of resistance
 J - 4 potions of ambrosia
 N - 10 potions of brilliance
 R - 3 potions of invisibility
 S - 3 potions of mutation
Books
 V - a manual of Fighting
Miscellaneous
 g - 5 boxes of beasts
 F - 2 phantom mirrors
 T - 7 tins of tremorstones
 W - a phial of floods
Comestibles
 v - 55 rations


   Skills:
 - Level 11.8 Fighting
   Level 6.0 Slings
 - Level 11.0 Armour
 - Level 9.1 Dodging
 - Level 2.4 Stealth
 - Level 15.7 Shields
 - Level 16.0 Spellcasting
 - Level 6.0 Conjurations
 - Level 8.0 Summonings
 - Level 19.0 Necromancy
 - Level 0.8 Translocations
 - Level 19.0 Transmutations
 - Level 5.0 Fire Magic
 * Level 10.8 Air Magic
 O Level 27 Earth Magic
 - Level 15.0 Evocations


You had 6 spell levels left.
You knew the following spells:

 Your Spells              Type           Power        Failure   Level  Hunger
a - Borgnjor's Vile Clut  Necr/Erth      ########..   0%          5    N/A
b - Shatter               Erth           ########..   1%          9    N/A
c - Bolt of Magma         Conj/Fire/Erth #######...   1%          5    N/A
d - Necromutation         Tmut/Necr      ########..   3%          8    N/A
e - Ozocubu's Armour      Chrm/Ice       ####....     3%          3    N/A
f - Aura of Abjuration    Summ           ######....   1%          5    N/A
g - Chain Lightning       Conj/Air       #######...   95%         8    N/A
h - Dispel Undead         Necr           ########     0%          4    N/A
i - Conjure Flame         Conj/Fire      ######..     1%          3    N/A
z - Shroud of Golubria    Chrm/Tloc      ####..       1%          2    N/A

Your spell library contained the following spells:

 Spells                   Type           Power        Failure   Level  Hunger
 Animate Skeleton         Necr           N/A          0%          1    N/A
 Pain                     Necr           ####         0%          1    N/A
 Sandblast                Erth           ######       0%          1    N/A
 Corpse Rot               Necr/Air       N/A          0%          2    N/A
 Passwall                 Tmut/Erth      ########     0%          2    N/A
 Sublimation of Blood     Necr           ########..   0%          2    N/A
 Stone Arrow              Conj/Erth      ######       0%          3    N/A
 Vampiric Draining        Necr           ########..   0%          3    N/A
 Animate Dead             Necr           N/A          0%          4    N/A
 Petrify                  Tmut/Erth      ########     0%          4    N/A
 Agony                    Necr           ########     0%          5    N/A
 Lee's Rapid Deconstruct  Erth           ########..   0%          5    N/A
 Apportation              Tloc           #####.       1%          1    N/A
 Foxfire                  Conj/Fire      ####         1%          1    N/A
 Infusion                 Chrm           ####         1%          1    N/A
 Magic Dart               Conj           ####         1%          1    N/A
 Shock                    Conj/Air       ####         1%          1    N/A
 Summon Butterflies       Summ           ######..     1%          1    N/A
 Summon Small Mammal      Summ           ####         1%          1    N/A
 Call Imp                 Summ           ######..     1%          2    N/A
 Poisonous Vapours        Pois/Air       ######       1%          2    N/A
 Searing Ray              Conj           ######       1%          2    N/A
 Slow                     Hex            ####....     1%          2    N/A
 Song of Slaying          Chrm           ####....     1%          2    N/A
 Swiftness                Chrm/Air       ######..     1%          2    N/A
 Call Canine Familiar     Summ           ######..     1%          3    N/A
 Dazzling Flash           Conj/Hex       ######       1%          3    N/A
 Ignite Poison            Fire/Tmut/Pois ######..     1%          3    N/A
 Inner Flame              Hex/Fire       #####...     1%          3    N/A
 Mephitic Cloud           Conj/Pois/Air  ######..     1%          3    N/A
 Recall                   Summ/Tloc      N/A          1%          3    N/A
 Static Discharge         Conj/Air       #######.     1%          3    N/A
 Summon Guardian Golem    Hex/Summ       ######..     1%          3    N/A
 Airstrike                Air            #######...   1%          4    N/A
 Ice Form                 Ice/Tmut       #######.     1%          4    N/A
 Sticky Flame             Conj/Fire      ######..     1%          4    N/A
 Summon Lightning Spire   Summ/Air       #######.     1%          4    N/A
 Alistair's Intoxication  Tmut/Pois      #######.     1%          5    N/A
 Excruciating Wounds      Chrm/Necr      ########..   1%          5    N/A
 Irradiate                Conj/Tmut      #######...   1%          5    N/A
 Lightning Bolt           Conj/Air       #######...   1%          5    N/A
 Summon Demon             Summ           ######....   1%          5    N/A
 Death Channel            Necr           ########..   1%          6    N/A
 Hydra Form               Tmut           ########..   1%          6    N/A
 Iron Shot                Conj/Erth      ########..   1%          6    N/A
 Gell's Gravitas          Tloc           #####.....   2%          3    N/A
 Lesser Beckoning         Tloc           #####.....   2%          3    N/A
 Teleport Other           Tloc           #####...     2%          3    N/A
 Summon Ice Beast         Ice/Summ       ######..     2%          4    N/A
 Confusing Touch          Hex            ####....     3%          3    N/A
 Spectral Weapon          Hex/Chrm       ####....     3%          3    N/A
 Tukima's Dance           Hex            ####....     3%          3    N/A
 Fulminant Prism          Conj/Hex       ######....   3%          4    N/A
 Hailstorm                Conj/Ice       ######..     3%          4    N/A
 Iskenderun's Mystic Bla  Conj/Tloc      ######..     3%          4    N/A
 Fireball                 Conj/Fire      ######....   3%          5    N/A
 Eringya's Noxious Bog    Tmut/Pois      #######...   4%          6    N/A
 Simulacrum               Ice/Necr       ########..   4%          6    N/A
 Summon Forest            Summ/Tloc      ######....   6%          5    N/A
 Conjure Ball Lightning   Conj/Air       #######...   6%          6    N/A
 Summon Mana Viper        Hex/Summ       ######..     7%          5    N/A
 Shadow Creatures         Summ           N/A          8%          6    N/A
 Passage of Golubria      Tloc           N/A          9%          4    N/A
 Iskenderun's Battlesphe  Conj/Chrm      ######..     11%         5    N/A
 Darkness                 Hex            ####......   89%         6    N/A
 Invisibility             Hex            ####....     89%         6    N/A
 Borgnjor's Revivificati  Necr           ########..   3%          8    N/A
 Infestation              Necr           ########..   3%          8    N/A
 Haunt                    Necr/Summ      ########..   4%          7    N/A
 Lehudib's Crystal Spear  Conj/Erth      ########..   10%         8    N/A
 Summon Hydra             Summ           ######....   38%         7    N/A
 Spellforged Servitor     Conj/Summ      ######....   52%         7    N/A
 Orb of Destruction       Conj           ######....   67%         7    N/A
 Death's Door             Chrm/Necr      ########..   86%         8    N/A
 Ignition                 Fire           ######....   100%        8    N/A
 Absolute Zero            Ice            ####......   100%        9    N/A
 Dragon's Call            Summ           ######....   100%        9    N/A
 Fire Storm               Conj/Fire      ######....   100%        9    N/A
 Tornado                  Air            #######...   100%        9    N/A
 Blink                    Tloc           Unusable     N/A         2    N/A

Dungeon Overview and Level Annotations

Branches:
Dungeon (15/15)            Temple (1/1) D:4            Lair (6/6) D:8
  Swamp (4/4) Lair:2        Snake (4/4) Lair:4        Slime (0/5) Lair:5
    Orc (2/2) D:11            Elf (3/3) Orc:2        Vaults (5/5) D:14
  Crypt (3/3) Vaults:3       Tomb (3/3) Crypt:3      Depths (0/5) D:15
  Sewer (visited)           IceCv (visited)

Altars:
Ashenzari
Cheibriados
Dithmenos
Elyvilon
Fedhas
Gozag
Hepliaklqana
Kikubaaqudgha
Makhleb
Nemelex Xobeh
Okawaru
Qazlal
Ru
Sif Muna
Trog
Uskayaw
Vehumet
Wu Jian
Xom
Yredelemnul
Zin
The Shining One
Beogh
Jiyva

Shops:
D:6 ?   D:13 [=!   Orc:2 *!%(   Elf:1 :   Elf:2 :   Elf:3 }((   Snake:2 **
Vaults:2 (   Vaults:3 *[(   Tomb:1 :(*:=[*=

Portals:
Trove: D:12 (give +3 gold dragon scales)

Annotations:
Abyss:1 Psyche


Innate Abilities, Weirdness & Mutations

You cannot be hasted, slowed, berserked, paralysed or teleported.
You can dig through walls and to a lower floor.
Your four strong arms can wield two-handed weapons with a shield.
You have a pair of large antennae on your head. (SInv)
You have large cloven feet.
You are partially covered in rugged brown scales. (AC +1, +3% HP)
You possess an exceptional clarity of mind.
Your system is resistant to poisons. (rPois)


Message History

Your emperor scorpion claws the mummy priest but does no damage.
Your emperor scorpion claws the mummy priest.
Your emperor scorpion completely misses the mummy priest.
Your emperor scorpion claws the mummy priest but does no damage. x2
Unknown command.
Casting: Borgnjor's Vile Clutch (safe; 0% risk of failure)
Confirm with . or Enter, or press ? or * to list all spells.
You don't have enough magic to cast that spell.
Unknown command.
Nothing appears to happen.
The zombie hands constrict the mummy priest!
You destroy the mummy priest!
A greater mummy comes into view.
You feel extremely nervous for a moment...
The world around you seems to dim momentarily.
Something hits your emperor scorpion.
The mummy priest mumbles some strange prayers to its god against you.
Something smites you!
You die...
Your body crumbles into a pile of gold.

▓
#.§"$M§$$.....$..#.M
▓.
.$§{$$$$$....^.^#..
.##M{|$)$$=.........{
#.sM§{)$$$$.......#.{
#$s{$)[:}}$$.....#{.
##$$##$}}$$$...^##.M
#§○####})|$$.....MM{
▓...#§#
#.)"$....##..$
▓####L# ##}$$..###...
### ##.#.## #.## ..#
### ▓▓


You could see a greater mummy, a mummy priest and 2 friendly emperor scorpions.

Vanquished Creatures
  Khufu (Tomb:2)
  4 ancient liches
  Mennas (Tomb:3)
  31 greater mummies
  Sojobo (Vaults:4)
  Margery (Vaults:3)
  the Lernaean hydra (Swamp:4)
  Xtahua (Crypt:3)
  Jory (Vaults:3)
  A bone dragon (Crypt:3)
  5 tentacled monstrosities
  A Hell Sentinel (Elf:1)
  Asterion (Snake:4)
  6 liches
  3 deep elf blademasters
  Gastronok (Lair:1)
  A quicksilver dragon (Vaults:5)
  2 deep elf master archers (Elf:3)
  8 ancient champions
  3 shadow dragons (Vaults:5)
  12 sphinxes
  Kirke (Snake:1)
  Roxanne (Snake:3)
  2 thorn hunters
  Donald (Swamp:2)
  4 tengu reavers
  3 revenants
  5 fire giants
  6 nagarajas (Snake:4)
  4 iron dragons (Vaults:5)
  3 frost giants
  Aizul (Snake:3)
  6 deep elf sorcerers
  2 curse skulls
  The ghost of Armakuni the Practitioner, a journeyman TrMo of Elyvilon (Swamp:1)
  3 ghouls
  17 vault wardens
  4 war gargoyles
  A juggernaut zombie (Crypt:1)
  15 ironheart preservers
  A stone giant (shapeshifter) (Vaults:5)
  15 stone giants
  2 reapers (Crypt:2)
  6 entropy weavers
  6 very ugly things
  4 vampire knights
  7 deep elf demonologists (Elf:3)
  11 deep elf annihilators
  Azrael (D:13)
  10 bennus
  2 eidola (Crypt:2)
  23 mummy priests
  3 ettins
  9 deep elf death magi
  6 deep elf high priests
  16 yaktaur captains
  7 jiangshi
  16 hydras
  28 vault guards
  3 ice dragons
  6 great orbs of eyes
  14 naga warriors
  2 rakshasas
  15 anacondas
  2 catoblepae (Lair:6)
  2 shambling mangroves
  9 centaur warriors
  A hell beast (Tomb:2)
  18 alligators
  3 death knights
  2 ghost crabs (Swamp:4)
  A deep troll earth mage (Vaults:3)
  73 death scarabs
  5 death yaks
  49 two-headed ogres
  15 ogre magi
  A tengu warrior (D:13)
  3 deep troll shamans
  13 vampire magi
  8 shock serpents
  Urug (D:14)
  28 deep elf knights
  22 naga sharpshooters
  10 spriggans
  2 soul eaters
  3 titan skeletons
  A salamander mystic (Snake:4)
  3 shadow wraiths
  4 spriggan druids
  13 hell knights
  64 skeletal warriors
  5 wizards
  The ghost of stillor the Carver, a novice DsGl of Okawaru (D:8)
  3 storm dragon skeletons
  12 deep trolls
  A sea snake (shapeshifter) (Vaults:5)
  5 flayed ghosts
  5 naga ritualists
  A swamp dragon (shapeshifter) (Vaults:5)
  15 swamp dragons
  6 unseen horrors
  13 orc knights
  27 deep elf archers
  11 ironbrand convokers
  10 phantasmal warriors
  2 wolf spider zombies
  6 necromancers
  3 harpies (Vaults:4)
  2 lindwurms
  An iron dragon zombie (Tomb:2)
  4 oklob plants
  2 stone giant zombies
  8 ugly things
  2 fire giant zombies
  78 deep elf magi
  A frost giant zombie (Vaults:4)
  11 salamanders
  2 wolf spiders
  A manticore (D:12)
  4 orc sorcerers
  8 mana vipers
  27 naga magi
  3 cyclopes
  A tengu skeleton (Vaults:4)
  17 elephants
  An iron dragon skeleton (Crypt:3)
  Maurice (D:8)
  2 guardian serpents
  An eye of devastation (shapeshifter) (Vaults:4)
  An ice statue (IceCv)
  A fire giant skeleton (Crypt:3)
  2 frost giant skeletons (Crypt:3)
  A shock serpent skeleton (Tomb:1)
  28 black mambas
  4 gargoyles (Crypt:3)
  15 spiny frogs
  9 human zombies
  A catoblepas zombie (Lair:2)
  9 vault sentinels
  5 smoke demons (Crypt:3)
  3 centaur skeletons
  4 rime drakes
  A white draconian zombie (Crypt:1)
  2 death yak skeletons
  8 komodo dragons
  41 yaktaurs
  An efreet (D:14)
  7 kobold demonologists
  A ghost moth simulacrum (Tomb:1)
  7 freezing wraiths
  A catoblepas skeleton (Crypt:2)
  4 red devils (Crypt:3)
  3 trolls
  48 guardian mummies
  A tengu conjurer (D:13)
  A hydra zombie (Lair:5)
  A polar bear (shapeshifter) (Vaults:4)
  A wind drake (shapeshifter) (Vaults:1)
  12 polar bears (IceCv)
  7 tyrant leeches
  17 hornets
  A harpy skeleton (Crypt:3)
  24 slime creatures
  4 hydra skeletons
  A jumping spider zombie (Crypt:1)
  11 hippogriffs
  A death drake skeleton (Crypt:1)
  7 bog bodies
  A dream sheep (shapeshifter) (Vaults:5)
  A hippogriff (shapeshifter) (Vaults:2)
  A stone giant simulacrum (Vaults:3)
  20 blink frogs
  2 black mamba zombies
  A frost giant simulacrum (Vaults:1)
  20 flying skulls
  An air elemental (Elf:1)
  A fire dragon skeleton (Crypt:3)
  A redback (shapeshifter) (Vaults:2)
  13 wraiths
  3 tarantellas
  6 redbacks
  14 shadows
  2 black mamba skeletons
  20 ushabtiu
  7 water elementals
  A vampire (D:11)
  3 fire elementals
  17 humans
  55 yaks
  An ettin skeleton (Vaults:3)
  3 wyverns
  A hog (shapeshifter) (Elf:1)
  Grum (D:8)
  A basilisk (D:15)
  9 hogs
  2 hungry ghosts
  A torturous demonspawn zombie (Crypt:1)
  20 vampire mosquitoes
  22 insubstantial wisps
  5 wargs
  18 swamp worms
  48 nagas
  8 acid dragons
  A gelid demonspawn zombie (Crypt:1)
  A soldier ant (D:13)
  A floating eye (Lair:6)
  7 hell hounds (D:13)
  13 porcupines
  23 water moccasins
  4 spiny frog zombies
  17 swamp drakes
  2 ice beasts
  37 orc warriors
  3 sky beasts
  3 spiny frog skeletons
  A swamp dragon zombie (Crypt:2)
  A dream sheep zombie (Lair:4)
  2 eyes of draining
  A black bear (shapeshifter) (Vaults:2)
  5 phantoms
  A black bear (Lair:6)
  21 centaurs
  An elf zombie (Vaults:3)
  6 necrophages
  25 wolves
  An elephant skeleton (Lair:2)
  A manticore skeleton (Crypt:3)
  17 crocodiles
  55 ogres
  A torpor snail zombie (Lair:2)
  2 snapping turtle skeletons
  A lindwurm skeleton (Crypt:2)
  A blink frog skeleton (Lair:2)
  7 big kobolds
  A human skeleton (Vaults:1)
  A rime drake zombie (Lair:2)
  3 komodo dragon zombies
  2 hippogriff zombies
  14 bullfrogs
  A yaktaur skeleton (Vaults:1)
  A gnoll sergeant (Orc:1)
  A wyvern zombie (D:14)
  3 water moccasin zombies
  A hippogriff skeleton (Lair:5)
  4 earth elementals
  3 wyvern skeletons
  8 scorpions
  A yak zombie (Crypt:1)
  2 water moccasin skeletons
  27 killer bees
  2 spriggan skeletons (Crypt:3)
  11 wights
  11 howler monkeys
  A warg skeleton (Crypt:2)
  9 crimson imps
  3 centaur zombies
  22 orc priests
  2 bullfrog zombies
  A gnoll shaman (Orc:2)
  A human simulacrum (Vaults:1)
  6 hounds
  5 jellies
  A bullfrog skeleton (D:8)
  26 orc wizards
  4 hell rats (Lair:3)
  2 iguanas
  A porcupine skeleton (Lair:5)
  10 worker ants
  A killer bee zombie (D:6)
  A crocodile zombie (Lair:4)
  An ogre zombie (Crypt:1)
  A crocodile skeleton (Lair:1)
  An ogre skeleton (Crypt:2)
  A hound zombie (D:6)
  A hound skeleton (D:6)
  55 mummies
  A worker ant zombie (Crypt:2)
  A howler monkey skeleton (D:6)
  19 adders
  12 gnolls
  9 river rats
  6 shadow imps
  12 white imps (Orc:2)
  An ooze (D:1)
  An adder zombie (D:8)
  A lava snake zombie (Crypt:2)
  An adder skeleton (D:8)
  A dart slug (D:1)
  3 leopard geckos
  122 orcs
  A bat zombie (Crypt:2)
  5 giant cockroaches
  3 goblins
  7 hobgoblins
  13 jackals
  30 kobolds
  5 quokkas
  A ball python (Snake:1)
  7 bats
  9 frilled lizards
  2 jackal skeletons
  A kobold zombie (Crypt:3)
  An orc skeleton (Crypt:2)
  2 quokka skeletons
  13 rats
  A fungus (Elf:2)
  4 plants
2474 creatures vanquished.

Vanquished Creatures (collateral kills)
  Vashnia (Snake:2)
  2 bennus (Tomb:3)
  A skeletal warrior (Tomb:3)
  An ushabti (Tomb:3)
  A mummy (Tomb:3)
6 creatures vanquished.

Vanquished Creatures (others)
  28 dancing weapons
  A deep elf knight (Elf:2)
  2 deep elf archers (Elf:2)
  3 deep elf magi (Elf:2)
  A naga (Snake:4)
  A swamp worm (Swamp:1)
  An insubstantial wisp (Swamp:4)
  A wolf (IceCv)
  An ogre (Vaults:4)
  12 foxfires (Crypt:3)
  A fungus (Lair:6)
  3 plants
  12 withered plants (Crypt:3)
67 creatures vanquished.

Grand Total: 2547 creatures vanquished

Notes
Turn   | Place    | Note
-------+----------+-------------------------------------------
     0 | D:1      | DildoBatman the Formicid Wizard began the quest for the
                  | Orb.
     0 | D:1      | Reached XP level 1. HP: 13/13 MP: 4/4
    93 | D:1      | Reached skill level 1 in Conjurations
   279 | D:1      | Reached XP level 2. HP: 19/19 MP: 1/6
   786 | D:1      | Reached XP level 3. HP: 24/24 MP: 0/7
   822 | D:1      | Learned a level 3 spell: Conjure Flame
   826 | D:1      | Learned a level 3 spell: Mephitic Cloud
  1337 | D:2      | Reached XP level 4. HP: 30/30 MP: 3/8
  1710 | D:2      | Found a shadowy altar of Dithmenos.
  1867 | D:3      | Found a glowing drain.
  1932 | Sewer    | Entered a sewer
  1970 | Sewer    | Reached XP level 5. HP: 35/35 MP: 6/9
  2121 | Sewer    | Noticed a big kobold
  2151 | Sewer    | Killed a big kobold
  2151 | Sewer    | Reached XP level 6. HP: 36/41 MP: 6/10
  2205 | Sewer    | Found a white marble altar of Elyvilon.
  2285 | D:3      | Reached skill level 5 in Conjurations
  2969 | D:4      | Found a staircase to the Ecumenical Temple.
  2983 | Temple   | Entered the Ecumenical Temple
  3171 | Temple   | Became a worshipper of Kikubaaqudgha
  3425 | D:4      | Found a sparkling altar of Nemelex Xobeh.
  3426 | D:4      | Found a sacrificial altar of Ru.
  3428 | D:4      | Found a hazy altar of Hepliaklqana.
  3432 | D:4      | Found a shattered altar of Ashenzari.
  3438 | D:4      | Noticed an ogre
  3456 | D:4      | Killed an ogre
  3456 | D:4      | Reached skill level 1 in Fire Magic
  3456 | D:4      | Reached skill level 1 in Air Magic
  3456 | D:4      | Reached XP level 7. HP: 33/46 MP: 1/11
  3740 | D:5      | Entered Level 5 of the Dungeon
  4151 | D:5      | Reached * piety under Kikubaaqudgha
  4151 | D:5      | Identified Kikubaaqudgha's Disquisition on Dark Arts
                  | (Kikubaaqudgha gifted it to you on level 5 of the Dungeon)
  4151 | D:5      | Received a gift from Kikubaaqudgha
  4160 | D:5      | Learned a level 3 spell: Vampiric Draining
  4163 | D:5      | Learned a level 2 spell: Sublimation of Blood
  4501 | D:6      | Reached XP level 8. HP: 14/52 MP: 8/12
  4692 | D:6      | Got a translucent fustibalus
  4693 | D:6      | Identified the +10 fustibalus of Baiph {venom, rC+ Str+2}
                  | (You found it on level 6 of the Dungeon)
  4721 | D:6      | Reached skill level 1 in Slings
  4736 | D:6      | Reached skill level 5 in Fire Magic
  4850 | D:6      | Found a glowing golden altar of the Shining One.
  4903 | D:6      | Reached XP level 9. HP: 52/57 MP: 11/13
  4953 | D:6      | Reached ** piety under Kikubaaqudgha
  5078 | D:6      | Found Dourant's Magic Scroll Boutique.
  5083 | D:6      | Bought a scroll of magic mapping for 38 gold pieces
  5083 | D:6      | Bought a scroll of noise for 11 gold pieces
  5340 | D:6      | Reached skill level 5 in Air Magic
  5452 | D:7      | Reached skill level 1 in Armour
  5473 | D:7      | Reached skill level 1 in Fighting
  5473 | D:7      | Reached skill level 5 in Slings
  5729 | D:7      | Found an opulent altar of Gozag.
  5739 | D:7      | Noticed a hippogriff
  5747 | D:7      | Killed a hippogriff
  5851 | D:7      | Noticed a hippogriff
  5871 | D:7      | Killed a hippogriff
  5871 | D:7      | Reached XP level 10. HP: 38/70 MP: 6/14
  6301 | D:8      | Reached skill level 1 in Shields
  6422 | D:8      | Found a staircase to the Lair.
  6422 | D:8      | Noticed Psyche
  6423 | D:8      | Noticed a komodo dragon
  6440 | D:8      | Banished Psyche
  6444 | D:8      | Killed a komodo dragon
  6644 | D:8      | Noticed Maurice
  6649 | D:8      | Killed Maurice
  6649 | D:8      | Reached skill level 5 in Shields
  6672 | D:8      | Reached *** piety under Kikubaaqudgha
  6672 | D:8      | Identified Kikubaaqudgha's Collected Works on Dark Magic
                  | (Kikubaaqudgha gifted it to you on level 8 of the Dungeon)
  6672 | D:8      | Received a gift from Kikubaaqudgha
  6681 | D:8      | Noticed a two-headed ogre
  6693 | D:8      | Killed a two-headed ogre
  6710 | D:8      | Noticed Grum
  6751 | D:8      | Reached XP level 11. HP: 25/78 MP: 6/15
  6756 | D:8      | Killed Grum
  6776 | D:8      | Learned a level 4 spell: Dispel Undead
  6829 | D:8      | Reached skill level 1 in Necromancy
  6872 | D:8      | Found a runed translucent gate.
  6872 | D:8      | Found a runed translucent gate.
  6872 | D:8      | Found a runed translucent gate.
  6877 | D:8      | Noticed stillor's ghost (novice DsGl)
  8112 | D:10     | Entered Level 10 of the Dungeon
  8242 | D:10     | Reached **** piety under Kikubaaqudgha
  8488 | D:10     | Reached skill level 5 in Spellcasting
  8768 | D:10     | Reached skill level 5 in Necromancy
  9061 | D:11     | Noticed a red ugly thing
  9078 | D:11     | Killed a red ugly thing
  9142 | D:11     | Found a staircase to the Orcish Mines.
  9264 | D:11     | Noticed an unseen horror
  9267 | D:11     | Killed an unseen horror
  9297 | D:11     | Learned a level 5 spell: Borgnjor's Vile Clutch
  9334 | D:11     | Reached ***** piety under Kikubaaqudgha
  9334 | D:11     | Reached skill level 1 in Earth Magic
  9338 | D:11     | Reached XP level 12. HP: 77/84 MP: 22/22
  9347 | D:11     | Reached skill level 2 in Earth Magic
  9667 | Orc:1    | Entered Level 1 of the Orcish Mines
  9685 | Orc:1    | Reached skill level 3 in Earth Magic
  9741 | Orc:1    | Reached skill level 4 in Earth Magic
  9928 | Orc:1    | You fall into a shaft and drop 1 floor!
  9928 | Orc:2    | Entered Level 2 of the Orcish Mines
  9928 | Orc:2    | Found Ficvop's Food Boutique.
  9928 | Orc:2    | Found Gawnosug's General Store.
  9928 | Orc:2    | Found Upijik's Antique Weapon Emporium.
  9928 | Orc:2    | Found Riecra Ehes's Distillery.
  9928 | Orc:2    | Noticed a two-headed ogre
  9928 | Orc:2    | Noticed an ogre mage
  9928 | Orc:2    | Noticed an ogre mage
  9928 | Orc:2    | Noticed a two-headed ogre
  9928 | Orc:2    | Noticed a two-headed ogre
  9928 | Orc:2    | Noticed a two-headed ogre
  9928 | Orc:2    | Noticed a two-headed ogre
  9928 | Orc:2    | Noticed an ogre mage
  9928 | Orc:2    | Noticed an ogre mage
  9929 | Orc:2    | Noticed a two-headed ogre
  9929 | Orc:2    | Noticed a two-headed ogre
  9929 | Orc:2    | Noticed a two-headed ogre
  9932 | Orc:2    | Noticed a two-headed ogre
  9944 | Orc:2    | Reached skill level 5 in Earth Magic
  9945 | Orc:2    | Killed a two-headed ogre
  9950 | Orc:2    | Killed a two-headed ogre
  9950 | Orc:2    | Reached skill level 6 in Earth Magic
  9952 | Orc:2    | Killed an ogre mage
  9956 | Orc:2    | Killed a two-headed ogre
  9957 | Orc:2    | Killed a two-headed ogre
  9957 | Orc:2    | Reached skill level 7 in Earth Magic
  9963 | Orc:2    | Killed a two-headed ogre
  9973 | Orc:2    | Killed a two-headed ogre
  9973 | Orc:2    | Reached skill level 8 in Earth Magic
  9984 | Orc:2    | Killed an ogre mage
 10019 | Orc:2    | Killed an ogre mage
 10019 | Orc:2    | Reached skill level 9 in Earth Magic
 10019 | Orc:2    | Reached XP level 13. HP: 68/90 MP: 2/23
 10076 | Orc:2    | Reached skill level 5 in Armour
 10077 | Orc:2    | Reached skill level 5 in Fighting
 10086 | Orc:2    | Reached skill level 5 in Dodging
 10173 | Orc:2    | Found a frozen archway.
 10182 | IceCv    | Entered an ice cave
 10351 | IceCv    | Reached ****** piety under Kikubaaqudgha
 10352 | IceCv    | Received a gift from Kikubaaqudgha
 10579 | IceCv    | Noticed a frost giant
 10608 | IceCv    | Reached XP level 14. HP: 83/104 MP: 16/24
 10619 | IceCv    | Killed a frost giant
 10840 | D:11     | Fell from the grace of Kikubaaqudgha
 10904 | D:7      | Became a worshipper of Gozag Ym Sagoz the Greedy
 11380 | Orc:2    | Bought a brightly glowing broad axe for 342 gold pieces
 11442 | Orc:2    | Bought 11 stones for 15 gold pieces
 11653 | Orc:2    | Found a staircase to the Elven Halls.
 11938 | Orc:1    | You fall into a shaft and drop 1 floor!
 12137 | D:10     | Identified the +3 broad axe "Muarumil" {vorpal, Str+3
                  | Int+2} (You bought it in a shop on level 2 of the Orcish
                  | Mines)
 12251 | Lair:1   | Entered Level 1 of the Lair of Beasts
 12463 | Lair:1   | Noticed Gastronok
 12491 | Lair:1   | Killed Gastronok
 12491 | Lair:1   | Reached skill level 10 in Necromancy
 12639 | Lair:1   | Found a basalt altar of Yredelemnul.
 14017 | Lair:2   | Found a staircase to the Swamp.
 14690 | Lair:3   | You fall into a shaft and drop 2 floors!
 14919 | Lair:5   | Reached skill level 10 in Fighting
 14919 | Lair:5   | Reached skill level 10 in Armour
 15069 | Lair:5   | Reached XP level 15. HP: 111/115 MP: 24/27
 15423 | Lair:5   | Found a viscous altar of Jiyva.
 15424 | Lair:5   | Found a staircase to the Slime Pits.
 16009 | Lair:4   | Reached skill level 10 in Spellcasting
 16025 | Lair:4   | Got a slimy quarterstaff
 16230 | Lair:4   | Found a staircase to the Snake Pit.
 16466 | Lair:4   | Identified the cursed +2 quarterstaff of the Pillar
                  | {vorpal, rC- rN++} (You found it on level 4 of the Lair of
                  | Beasts)
 16718 | Lair:3   | Was forgiven by Kikubaaqudgha
 17470 | Lair:6   | Entered Level 6 of the Lair of Beasts
 17537 | Lair:6   | Learned a level 8 spell: Necromutation
 17960 | Lair:6   | Got a bronze ring mail
 18649 | Lair:6   | Got a faintly humming ring mail
 18725 | Lair:6   | Identified the +1 ring mail of Intuition {-Tele rF++ Str+4
                  | Stlth+} (You found it on level 6 of the Lair of Beasts)
 18735 | Lair:6   | Identified the +1 ring mail of the Gloaming {rF+} (You
                  | found it on level 6 of the Lair of Beasts)
 19048 | Orc:2    | Bought a scroll of identify for 28 gold pieces
 19049 | Orc:2    | Bought a potion of resistance for 110 gold pieces
 19049 | Orc:2    | Bought a potion of invisibility for 88 gold pieces
 19049 | Orc:2    | Bought a potion of magic for 88 gold pieces
 19049 | Orc:2    | Bought a potion of brilliance for 44 gold pieces
 19049 | Orc:2    | Bought 2 potions of ambrosia for 176 gold pieces
 19049 | Orc:2    | Bought a potion of might for 44 gold pieces
 19217 | D:6      | Bought a scroll of identify for 22 gold pieces
 19217 | D:6      | Bought a scroll of identify for 22 gold pieces
 19217 | D:6      | Bought a scroll of identify for 22 gold pieces
 19351 | D:8      | Killed stillor's ghost
 19473 | D:12     | Found a portal to a secret trove of treasure.
 19679 | D:12     | Reached XP level 16. HP: 120/122 MP: 11/33
 20434 | D:13     | Noticed Azrael
 20449 | D:13     | Killed Azrael
 20564 | D:13     | Reached skill level 15 in Spellcasting
 20564 | D:13     | Reached XP level 17. HP: 128/128 MP: 13/36
 20565 | D:13     | Gained mutation: You have large cloven feet. [potion of
                  | mutation]
 20565 | D:13     | Gained mutation: You possess an exceptional clarity of
                  | mind. [potion of mutation]
 20565 | D:13     | Gained mutation: You are partially covered in rugged brown
                  | scales. (AC +1, +3% HP) [potion of mutation]
 20565 | D:13     | Gained mutation: Your system is resistant to poisons.
                  | (rPois) [potion of mutation]
 20747 | D:13     | Found Waodehesa's Armour Boutique.
 20829 | D:13     | Found Jofafaz's Jewellery Emporium.
 20973 | D:13     | Found Noytsa Jiugy's Distillery.
 21002 | D:13     | Bought a potion of invisibility for 128 gold pieces
 21002 | D:13     | Bought a potion of mutation for 128 gold pieces
 21002 | D:13     | Bought a potion of curing for 48 gold pieces
 21002 | D:13     | Bought a potion of invisibility for 128 gold pieces
 21002 | D:13     | Bought a potion of mutation for 128 gold pieces
 21054 | D:13     | Found a roughly hewn altar of Beogh.
 21259 | D:14     | Found a gate to the Vaults.
 21259 | D:14     | Noticed Urug
 21503 | D:14     | Killed Urug
 22133 | D:14     | Got a pitted chain mail
 22492 | D:14     | Identified the cursed +0 chain mail of Fapp {Regen+} (You
                  | found it on level 14 of the Dungeon)
 22516 | D:15     | Entered Level 15 of the Dungeon
 22693 | D:15     | Found a staircase to the Depths.
 22715 | D:15     | Reached skill level 10 in Earth Magic
 23045 | D:15     | Upgraded the game from 0.25-a0-865-gd392131cc7 to
                  | 0.25-a0-869-g05d4e06a41
 23504 | Swamp:1  | Entered Level 1 of the Swamp
 23570 | Swamp:1  | Found a runed translucent door.
 23570 | Swamp:1  | Noticed Armakuni's ghost (journeyman TrMo)
 23578 | Swamp:1  | Killed Armakuni's ghost
 24027 | Swamp:1  | Reached skill level 11 in Earth Magic
 24044 | Swamp:1  | Reached XP level 18. HP: 93/138 MP: 26/38
 24762 | Swamp:2  | Noticed Donald
 24773 | Swamp:2  | Killed Donald
 24773 | Swamp:2  | Reached skill level 12 in Earth Magic
 25049 | Swamp:2  | Reached skill level 13 in Earth Magic
 25160 | Swamp:2  | Identified Wizardry in Simple Steps
 25497 | Swamp:2  | Identified 2 scrolls of acquirement
 25653 | Swamp:3  | HP: 2/138 [thorn hunter/volley of thorns (20)]
 25657 | Swamp:3  | Reached skill level 14 in Earth Magic
 26164 | Swamp:3  | Noticed a tentacled monstrosity
 26176 | Swamp:3  | Killed a tentacled monstrosity
 26376 | Swamp:4  | Entered Level 4 of the Swamp
 26473 | Swamp:4  | Reached skill level 15 in Earth Magic
 27160 | Swamp:4  | Reached skill level 16 in Earth Magic
 27165 | Swamp:4  | Reached XP level 19. HP: 129/144 MP: 5/39
 27167 | Swamp:4  | Noticed the 27-headed Lernaean hydra
 27179 | Swamp:4  | Killed the 27-headed Lernaean hydra
 27321 | Swamp:4  | Got a decaying rune of Zot
 27478 | Swamp:4  | Reached skill level 17 in Earth Magic
 27993 | Snake:1  | Entered Level 1 of the Snake Pit
 29773 | Snake:2  | Noticed Vashnia
 29785 | Snake:2  | Killed Vashnia
 29785 | Snake:2  | Reached skill level 18 in Earth Magic
 29974 | Snake:2  | Found Qeblim's General Store.
 29974 | Snake:2  | Found Manoah's Assorted Antiques.
 30007 | Snake:2  | Bought a scroll of identify for 56 gold pieces
 30007 | Snake:2  | Bought a scroll of immolation for 98 gold pieces
 30007 | Snake:2  | Bought a scroll of amnesia for 98 gold pieces
 30007 | Snake:2  | Bought a scroll of identify for 56 gold pieces
 30007 | Snake:2  | Bought a twisted halberd for 252 gold pieces
 30018 | Snake:2  | Bought a scroll of identify for 26 gold pieces
 30018 | Snake:2  | Bought a box of beasts for 260 gold pieces
 30024 | Snake:2  | Identified the cursed +0 halberd "Inakocij" {drain, +Inv
                  | rF- rC++ Dex+2} (You bought it in a shop on level 2 of the
                  | Snake Pit)
 30107 | Snake:2  | Noticed Kirke
 30532 | Snake:1  | Killed Kirke
 30532 | Snake:1  | Reached XP level 20. HP: 131/151 MP: 36/40
 30601 | Snake:3  | Noticed Aizul
 30611 | Snake:3  | Killed Aizul
 30621 | Snake:3  | Reached skill level 10 in Shields
 30843 | Snake:3  | Noticed Roxanne
 30856 | Snake:3  | Killed Roxanne
 31168 | Snake:4  | Entered Level 4 of the Snake Pit
 31169 | Snake:4  | Noticed Asterion
 31186 | Snake:4  | Killed Asterion
 32124 | Snake:4  | Reached skill level 15 in Shields
 32211 | Snake:4  | Got a serpentine rune of Zot
 32711 | Vaults:1 | Entered Level 1 of the Vaults
 32733 | Vaults:1 | Reached XP level 21. HP: 157/157 MP: 13/41
 32815 | Vaults:1 | Reached skill level 15 in Necromancy
 32853 | Vaults:1 | Got a pair of distressingly furry gloves
 32859 | Vaults:1 | Identified the +1 pair of gloves of Atheism {rCorr Dex+2
                  | SInv} (You found it on level 1 of the Vaults)
 34420 | Vaults:2 | Found Zyihel's Weapon Shoppe.
 34838 | Vaults:2 | Reached skill level 1 in Transmutations
 35261 | Vaults:2 | Reached XP level 22. HP: 134/163 MP: 34/42
 35460 | Vaults:2 | Reached skill level 5 in Transmutations
 35582 | Vaults:3 | Noticed Jory
 35597 | Vaults:3 | Killed Jory
 35598 | Vaults:3 | Found Hiremus's Antique Armour Shoppe.
 35664 | Vaults:3 | Found Zaharapt's Antique Weapon Shoppe.
 35678 | Vaults:3 | Bought a crude battleaxe for 287 gold pieces
 35678 | Vaults:3 | Bought a slimy short sword for 200 gold pieces
 35749 | Vaults:3 | Identified the +10 battleaxe "Qagaeq" {vorpal, +Blink Str-4
                  | Int+7} (You bought it in a shop on level 3 of the Vaults)
 35751 | Vaults:3 | Identified the +7 short sword of the Spheres {freeze, +Inv
                  | rPois rF- rN+ Str+4} (You bought it in a shop on level 3 of
                  | the Vaults)
 36339 | Vaults:3 | Noticed Margery
 36368 | Vaults:3 | Killed Margery
 36535 | Vaults:3 | Found a staircase to the Crypt.
 36625 | Vaults:3 | Found Suasiust's Assorted Antiques.
 36633 | Vaults:3 | Bought a pair of runed boots for 225 gold pieces
 36633 | Vaults:3 | Bought a scroll labeled WAMUKOYBAOFA for 30 gold pieces
 36633 | Vaults:3 | Bought a scroll of identify for 60 gold pieces
 36633 | Vaults:3 | Bought a scroll of identify for 60 gold pieces
 36633 | Vaults:3 | Bought a long lead wand for 120 gold pieces
 37139 | Vaults:4 | Reached skill level 10 in Transmutations
 37261 | Vaults:4 | Reached XP level 23. HP: 169/169 MP: 14/43
 38330 | Vaults:4 | Noticed Sojobo
 38950 | Elf:1    | Entered Level 1 of the Elven Halls
 39012 | Elf:1    | Found a transporter.
 39406 | Elf:1    | Reached skill level 15 in Transmutations
 39700 | Elf:1    | Found Xidamum's Book Boutique.
 39751 | Elf:1    | Found a transporter.
 40232 | Elf:2    | Learned a level 6 spell: Eringya's Noxious Bog
 40349 | Elf:2    | Found a runed translucent gate.
 40349 | Elf:2    | Found a runed translucent gate.
 40350 | Elf:2    | Found a runed translucent gate.
 40480 | Elf:2    | Reached XP level 24. HP: 132/177 MP: 39/43
 40499 | Elf:2    | Learned a level 3 spell: Ozocubu's Armour
 40502 | Elf:2    | Learned a level 2 spell: Shroud of Golubria
 40514 | Elf:2    | Found Xacattuwi's Book Emporium.
 41081 | Elf:3    | Entered Level 3 of the Elven Halls
 41112 | Elf:3    | Found Ipued's Weapon Emporium.
 41161 | Elf:3    | Found Misuum's Gadget Emporium.
 41199 | Elf:3    | Bought a wand of clouds (5) for 459 gold pieces
 41199 | Elf:3    | Bought a wand of acid (8) for 408 gold pieces
 41199 | Elf:3    | Bought a box of beasts for 340 gold pieces
 41199 | Elf:3    | Bought a phantom mirror for 510 gold pieces
 41199 | Elf:3    | Bought a tin of tremorstones for 255 gold pieces
 41276 | Elf:3    | Found Tileoc's Antique Weapon Shoppe.
 42134 | Elf:3    | Identified the +18 crystal plate armour of the Wumpus
                  | {Stlth+}
 42134 | Elf:3    | Identified the cursed +3 falchion "Cookie Cutter" {elec,
                  | Str+3}
 42256 | Elf:3    | Got an ebony spear
 42260 | Elf:3    | Got an encrusted scale mail
 42265 | Elf:3    | Got a fine scale mail
 42287 | Elf:3    | Learned a level 5 spell: Bolt of Magma
 42369 | Elf:3    | Identified the +7 long sword "Ithreh" {holy, Str+7}
 42545 | Elf:3    | Identified the +4 scale mail "Wuev" {Str+2} (You found it
                  | on level 3 of the Elven Halls)
 42556 | Elf:3    | Identified the +5 scale mail "Arirohea" {Stlth+} (You found
                  | it on level 3 of the Elven Halls)
 42582 | Elf:3    | Identified a +0 pair of boots of running (You found it on
                  | level 3 of the Elven Halls)
 42634 | Elf:3    | Identified the +8 spear of the Lumpy Emperors {freeze, rC+
                  | Str+4 Stlth-} (You found it on level 3 of the Elven Halls)
 42775 | Elf:1    | You fall into a shaft and drop 1 floor!
 43431 | Crypt:1  | Entered Level 1 of the Crypt
 43622 | Crypt:1  | Reached skill level 19 in Earth Magic
 43633 | Crypt:1  | Reached XP level 25. HP: 178/182 MP: 2/43
 43676 | Crypt:1  | Identified Lobuth's Handbook of the Lucky Birds
 43861 | Crypt:1  | Identified Asmodeus's Compendium of the Entourage
 44132 | Crypt:1  | Got a slimy mace
 44311 | Crypt:2  | Reached skill level 20 in Earth Magic
 44528 | Crypt:2  | Got a shimmering tin ring
 44565 | Crypt:2  | Got a sapphire flail
 45042 | Crypt:2  | Reached skill level 21 in Earth Magic
 45215 | Crypt:2  | Found an ancient bone altar of Kikubaaqudgha.
 45639 | Crypt:2  | Identified the +5 mace "Juocueso" {drain, Str+7 Dex+2} (You
                  | found it on level 1 of the Crypt)
 45641 | Crypt:2  | Identified the cursed +0 flail of the Tooth {venom, +Fly
                  | rElec Stlth+} (You found it on level 2 of the Crypt)
 45645 | Crypt:2  | Identified the ring "Urghu" {rC+ Str+3 SInv} (You found it
                  | on level 2 of the Crypt)
 45707 | Crypt:3  | Entered Level 3 of the Crypt
 46230 | Crypt:3  | Got a steaming dagger
 46303 | Crypt:3  | Identified the ring of Altruism {*Contam rC+ rN+ Int+5}
 46323 | Crypt:3  | Identified the ring "Myufir" {rN+ Int+6 Dex+3}
 46452 | Crypt:3  | Noticed Xtahua
 46464 | Crypt:3  | Killed Xtahua
 46464 | Crypt:3  | Reached skill level 22 in Earth Magic
 46825 | Crypt:3  | Learned a level 1 spell: Foxfire
 46844 | Crypt:3  | Found a staircase to the Tomb.
 46877 | Crypt:3  | Identified the Incunabulum of Darkness
 47265 | Crypt:3  | Found an ancient bone altar of Kikubaaqudgha.
 47285 | Crypt:3  | Noticed an ancient lich
 47291 | Crypt:3  | Killed an ancient lich
 47291 | Crypt:3  | Reached XP level 26. HP: 185/189 MP: 33/43
 47325 | Crypt:3  | Identified the Papyrus of Lightness and Beguiling
 47342 | Crypt:3  | Learned a level 5 spell: Aura of Abjuration
 47386 | Crypt:3  | Got a slimy shortbow
 47662 | Crypt:3  | Identified the +6 dagger of Dangiu {venom, Int+2} (You
                  | found it on level 3 of the Crypt)
 47664 | Crypt:3  | Identified the cursed +2 shortbow of the Hand {flame, rElec
                  | rC++ Str-3} (You found it on level 3 of the Crypt)
 47832 | Tomb:1   | Entered Level 1 of the Tomb of the Ancients
 47859 | Tomb:1   | Bought a potion of brilliance for 164 gold pieces
 47859 | Tomb:1   | Bought a scroll of identify for 82 gold pieces
 47875 | Tomb:1   | Bought the +5 pair of boots of Dogmatism {rPois MR+ Int+3}
                  | for 578 gold pieces
 47882 | Tomb:1   | Bought a scroll of identify for 84 gold pieces
 48001 | Tomb:1   | Reached skill level 23 in Earth Magic
 48391 | Tomb:1   | Noticed a greater mummy
 48391 | Tomb:1   | Noticed a greater mummy
 48437 | Tomb:1   | Killed a greater mummy
 48437 | Tomb:1   | Reached skill level 5 in Summonings
 48447 | Tomb:1   | Killed a greater mummy
 48582 | Tomb:1   | Noticed a greater mummy
 48591 | Tomb:1   | Killed a greater mummy
 48677 | Tomb:1   | Noticed a greater mummy
 48683 | Tomb:1   | Killed a greater mummy
 49060 | Tomb:1   | Got a coiled tin ring
 49075 | Tomb:1   | Upgraded the game from 0.25-a0-869-g05d4e06a41 to
                  | 0.25-a0-886-gd7461d2276
 49217 | Tomb:1   | Identified the ring of Magrotucew {Ice Int+4} (You found it
                  | on level 1 of the Tomb of the Ancients)
 49499 | Vaults:4 | Killed Sojobo
 49519 | Vaults:4 | Reached skill level 24 in Earth Magic
 49945 | Vaults:5 | Entered Level 5 of the Vaults
 50124 | Vaults:4 | Reached XP level 27. HP: 184/195 MP: 39/43
 50361 | Vaults:5 | Reached skill level 25 in Earth Magic
 50460 | Vaults:5 | Noticed an ancient lich
 50460 | Vaults:5 | Noticed an ancient lich
 50470 | Vaults:5 | Killed an ancient lich
 50474 | Vaults:5 | Killed an ancient lich
 50609 | Vaults:5 | Identified the amulet of Qokhivep {Regen+ Str-5 Int+7 SInv}
 50674 | Vaults:5 | Reached skill level 26 in Earth Magic
 50837 | Vaults:5 | Got a steaming copper ring
 50839 | Vaults:5 | Found the +10 zealot's sword {holy, *Rage rN+ EV+3}
 51051 | Vaults:5 | Noticed an ancient lich
 51057 | Vaults:5 | Killed an ancient lich
 51089 | Vaults:5 | Got a silver rune of Zot
 51307 | Vaults:5 | Reached skill level 27 in Earth Magic
 51317 | Vaults:5 | Learned a level 8 spell: Chain Lightning
 51342 | Vaults:5 | Identified the +2 robe of the Thirsty Suns {Dex+2}
 51466 | Vaults:5 | Got a flickering diamond amulet
 51918 | Vaults:5 | Identified the Papyrus of the Birds and the Entourage
 51934 | Vaults:5 | Found the +10 morningstar "Eos" {elec, Halo rElec}
 51966 | Vaults:5 | Identified the amulet "Vetir" {Reflect rPois rN+ Str+3
                  | Int-2 SH+2} (You found it on level 5 of the Vaults)
 51968 | Vaults:5 | Identified the ring of Udadouky {Wiz rPois rC+ rN+ MR+}
                  | (You found it on level 5 of the Vaults)
 53571 | Tomb:1   | Bought a manual of Fighting for 1876 gold pieces
 53571 | Tomb:1   | Bought a book of the Tempests for 1190 gold pieces
 53581 | Tomb:1   | Learned a level 9 spell: Shatter
 54261 | Elf:1    | Got a heavily runed copper ring
 54270 | Elf:1    | Got a pitted jade amulet
 54922 | Tomb:1   | Noticed a greater mummy
 54922 | Tomb:1   | Noticed a greater mummy
 54922 | Tomb:1   | Noticed a greater mummy
 54925 | Tomb:1   | Noticed a greater mummy
 54928 | Tomb:1   | Noticed a greater mummy
 54931 | Tomb:1   | Killed a greater mummy
 54938 | Tomb:1   | Killed a greater mummy
 54938 | Tomb:1   | Killed a greater mummy
 54938 | Tomb:1   | Killed a greater mummy
 54941 | Tomb:1   | Noticed a greater mummy
 54946 | Tomb:1   | Killed a greater mummy
 54950 | Tomb:1   | Noticed a greater mummy
 54958 | Tomb:1   | Killed a greater mummy
 54961 | Tomb:1   | Noticed a greater mummy
 54963 | Tomb:1   | Killed a greater mummy
 54981 | Tomb:1   | Noticed a greater mummy
 54987 | Tomb:1   | Killed a greater mummy
 54998 | Tomb:1   | Killed a greater mummy
 55139 | Tomb:1   | Reached skill level 1 in Evocations
 55143 | Tomb:1   | Noticed a greater mummy
 55164 | Tomb:1   | Killed a greater mummy
 55283 | Tomb:1   | Noticed a greater mummy
 55291 | Tomb:1   | Killed a greater mummy
 55309 | Tomb:1   | Noticed a greater mummy
 55315 | Tomb:1   | Killed a greater mummy
 55315 | Tomb:1   | Reached skill level 5 in Evocations
 55334 | Tomb:1   | Noticed a greater mummy
 55338 | Tomb:1   | Noticed a greater mummy
 55345 | Tomb:1   | Killed a greater mummy
 55345 | Tomb:1   | Killed a greater mummy
 55475 | Tomb:1   | Identified the amulet of Peacaod {Reflect Slay+3 SH+4
                  | Stlth+} (You found it on level 1 of the Elven Halls)
 55479 | Tomb:1   | Identified the ring of Youthful Indiscretion {rC+ Int+7}
                  | (You found it on level 1 of the Elven Halls)
 55495 | Tomb:2   | Noticed a greater mummy
 55500 | Tomb:2   | Noticed a greater mummy
 55504 | Tomb:2   | Killed a greater mummy
 55508 | Tomb:2   | Noticed Khufu
 55511 | Tomb:2   | Noticed a greater mummy
 55512 | Tomb:2   | Killed a greater mummy
 55514 | Tomb:2   | Noticed a greater mummy
 55517 | Tomb:2   | Reached skill level 10 in Evocations
 55524 | Tomb:2   | Killed Khufu
 55524 | Tomb:2   | Noticed a greater mummy
 55528 | Tomb:2   | Noticed a greater mummy
 55680 | Tomb:2   | Killed a greater mummy
 55680 | Tomb:2   | Killed a greater mummy
 55692 | Tomb:2   | Killed a greater mummy
 55692 | Tomb:2   | Killed a greater mummy
 56432 | Tomb:3   | Entered Level 3 of the Tomb of the Ancients
 56445 | Tomb:3   | Found the +9 scales of the Dragon King {rPois rF+ rC+ MR+}
 56446 | Tomb:3   | Found the +7 sceptre of Torment {pain, torment}
 56471 | Tomb:3   | Noticed Mennas
 56474 | Tomb:3   | Reached skill level 15 in Evocations
 56475 | Tomb:3   | Noticed a greater mummy
 56483 | Tomb:3   | Noticed a greater mummy
 56484 | Tomb:3   | Killed Mennas
 56484 | Tomb:3   | Noticed a greater mummy
 56486 | Tomb:3   | Noticed a greater mummy
 56489 | Tomb:3   | Killed a greater mummy
 56497 | Tomb:3   | Killed a greater mummy
 56498 | Tomb:3   | Killed a greater mummy
 56499 | Tomb:3   | Noticed a greater mummy
 56503 | Tomb:3   | Killed a greater mummy
 56505 | Tomb:3   | Noticed a greater mummy
 56508 | Tomb:3   | Killed a greater mummy
 56517 | Tomb:3   | Killed a greater mummy
 56534 | Tomb:3   | Reached skill level 10 in Air Magic
 56559 | Tomb:3   | Noticed a greater mummy
 56575 | Tomb:3   | Killed a greater mummy
 56578 | Tomb:3   | HP: 7/201 [mummy priest/divine providence (14)]
 56579 | Tomb:3   | Noticed a greater mummy
 56579 | Tomb:3   | Killed from afar by a mummy priest

Levels and vault maps discovered:
D:1:      dpeg_arrival_simpleton_c, layout_basic
D:2:      layout_basic, nicolae_dithmenos_through_a_glass_darkly
D:3:      layout_rooms, first_ration, cheibrodos_sewer_entry_sluice
D:4:      layout_basic, grunt_temple_overflow_open,
          minmay_temple_entry_proselytizer
D:5:      layout_loops_ring
D:6:      layout_loops_ring, serial_shops, shop, basic_altar,
          serial_bayou_pond_d
D:7:      layout_basic, grunt_livestock, nicolae_gozag_seed_capital
D:8:      layout_loops_ring, david_lair_shrubbed, gammafunk_ghost_spectres,
          uniq_psyche, uniq_grum, uniq_maurice
D:9:      layout_loops_ring
D:10:     layout_rooms, hangedman_decor_points
D:11:     layout_rooms, orc_0_dummy
D:12:     layout_loops_ring, enter_trove_2
D:13:     layout_basic, special_room [special_room_orc], serial_shops,
          nicolae_shop_trees, nicolae_shop_waterfront, nicolae_shop_waterfront,
          uniq_azrael
D:14:     layout_stronghold, david_vaults_3, serial_rivers,
          chequers_serial_rivers_micro_a, chequers_serial_rivers_marsh,
          chequers_serial_rivers_micro_c, chequers_serial_rivers_room_a,
          chequers_serial_rivers_small_a, chequers_serial_rivers_room_a,
          hangedman_decor_growths, st_stairs_9
D:15:     grunt_enter_depths_giant_problem, layout_irregular_city
Temple:   dpeg_five_rooms_temple
Lair:1:   layout_loops_ring, basic_altar, beast_lair_carwin_10,
          serial_bayou_shore_b, serial_bayou_shore_a, grunt_megastairs_4,
          lemuel_fruit_tree, uniq_gastronok
Lair:2:   layout_chaotic_city, palyth_hydra_swamp_entry
Lair:3:   layout_hall_layers, kennysheep_abandoned_house
Lair:4:   layout_roguey, minmay_snake_entry_guardpost_medium,
          minmay_lair_oklob_chamber
Lair:5:   layout_long_grid, dpeg_slime_entry_enclosed_altar, grunt_megastairs_1,
          uniq_urug
Lair:6:   grunt_lair_end_beastmaster, layout_regular_city, disabler_island
Swamp:1:  layout_falls_marsh, gammafunk_ghost_grave,
          evilmike_swamp_ruin_house_4, swamp_pool5, nicolae_swamp_fairy_circle,
          ldierk_geyser, nicolae_swamp_rocky_clearing
Swamp:2:  layout_basic_swamp, serial_swamp_ruin, evilmike_swamp_ruin_rubble_2,
          evilmike_swamp_ruin_house_2, uniq_donald
Swamp:3:  layout_falls_marsh, evilmike_swamp_ruin_house_5
Swamp:4:  swamp_old_school, layout_basic_swamp
Snake:1:  minmay_snake_river, layout_grid_maze
Snake:2:  layout_rooms, grunt_ministairs_11, minmay_shoptagon, uniq_kirke,
          uniq_vashnia
Snake:3:  layout_rooms, uniq_aizul, uniq_roxanne
Snake:4:  snake_pit, layout_cave_shapes, uniq_asterion
Orc:1:    layout_diamond_mine
Orc:2:    st_orc_ogre_mass, layout_caves, portal_ice_cave_entry_imps
Elf:1:    gammafunk_its_a_trap, layout_loops_cross, serial_shops, shop,
          minivault_28
Elf:2:    layout_geoelf_grid, serial_shops, shop_statue
Elf:3:    elf_hall_gauntlet_narrow, layout_rooms, serial_shops,
          nicolae_shop_trees, nicolae_shop_waterfront, nicolae_shop_statue_plus,
          hangedman_elf_targetted_burst, hangedman_corner_corridor
Vaults:1: nicolae_vaults_know_your_exits, nicolae_vaults_theta, v_misc_33,
          nicolae_vaults_little_squares_2, v_misc_14, nicolae_vaults_theta,
          v_misc_16, v_rooms_2, nicolae_vaults_border_crossing,
          nicolae_vaults_network_periphery, layout_vaults_omnibox
Vaults:2: ontoclasm_vaults_spin, nicolae_vaults_network_square,
          vaults_room_octagon, v_misc_19, v_misc_4, layout_vaults_quadrants,
          serial_shops, shop_statue
Vaults:3: hangedman_vaults_snaps, minmay_crypt_entry_simple_round,
          hangedman_vaults_trim, hangedman_vaults_stretched_pinwheel,
          v_pattern_3, v_misc_25, vaults_room_fancy_cross, v_misc_3, v_misc_30,
          nicolae_vaults_alarming, ontoclasm_vaults_gateway,
          nicolae_vaults_little_squares_4, v_misc_19, layout_vaults_big_cross,
          serial_shops, shop, nicolae_shop_waterfront, nicolae_shop_statue_plus,
          uniq_margery, uniq_jory
Vaults:4: grunt_vaults_trifunnel, grunt_vaults_hallway_short, v_misc_5,
          ontoclasm_vaults_loading_screen, grunt_vaults_funnel,
          nicolae_vaults_windows_and_doors_thing, hangedman_vaults_hat,
          nicolae_vaults_shelves_hall, ontoclasm_vaults_misaligned,
          layout_vaults_chaotic_city, uniq_sojobo
Vaults:5: serial_shops
Crypt:1:  layout_rooms, st_small_mortuary
Crypt:2:  grunt_deathspiral_small, layout_gridlike,
          lemuel_mausoleum_altar_kikubaaqudgha
Crypt:3:  quadcrypt_mu, uniq_xtahua
Tomb:1
Tomb:2:   uniq_khufu
Tomb:3:   uniq_mennas

Skill      XL: |  1  2  3  4  5  6  7  8  9 10 11 12 13 14 15 16 17 18 19 20 21 22 23 24 25 26 27 |
---------------+----------------------------------------------------------------------------------+-----
Conjurations   | 1 2 3 4 6 |  6.0
Fire Magic     | 1 3 5 |  5.0
Air Magic      | 1 2 4 5 10 | 10.8
Slings         | 2 5 6 |  6.0
Armour         | 3 4 7 10 11 | 11.0
Dodging        | 3 4 6 8 9 |  9.1
Fighting       | 3 4 7 10 11 | 11.8
Shields        | 8 9 15 | 15.7
Necromancy     | 6 9 10 11 12 14 17 19 | 19.0
Spellcasting   | 6 7 8 13 15 16 | 16.0
Earth Magic    | 1 9 11 16 18 19 22 24 27 | 27.0
Transmutations | 3 10 16 19 | 19.0
Summonings     | 8 |  8.0
Evocations     | 15 | 15.0
Stealth        | |  2.4
Translocations | |  0.8

Action                   |  1- 3 |  4- 6 |  7- 9 | 10-12 | 13-15 | 16-18 | 19-21 | 22-24 | 25-27 || total
-------------------------+-------+-------+-------+-------+-------+-------+-------+-------+-------++-------
Melee: Club              |    20 |    16 |       |       |       |       |       |       |       ||    36
       Dagger            |       |   118 |    42 |    17 |       |       |       |       |       ||   177
       Fustibalus        |       |       |       |     1 |     2 |       |       |       |       ||     3
       Battleaxe         |       |       |       |       |     2 |       |       |       |   121 ||   123
       Broad axe         |       |       |       |       |    30 |     3 |       |       |       ||    33
       Staff             |       |       |       |       |       |       |       |       |     6 ||     6
 Fire: Fustibalus        |       |       |   120 |   449 |   897 |   703 |   724 |   700 |   599 ||  4192
 Cast: Magic Dart        |    74 |   100 |    66 |    22 |       |       |       |       |       ||   262
       Mephitic Cloud    |       |    10 |    12 |    37 |    71 |    14 |    16 |     9 |       ||   169
       Conjure Flame     |       |       |     7 |    11 |    29 |    39 |     6 |     3 |     4 ||    99
       Dispel Undead     |       |       |       |     4 |    15 |    29 |     2 |    17 |    79 ||   146
       Borgnjor's Vile C |       |       |       |     8 |   176 |   234 |   386 |   409 |   392 ||  1605
       Vampiric Draining |       |       |       |     2 |       |     1 |       |       |       ||     3
       Sublimation of Bl |       |       |       |     1 |    47 |     5 |    14 |    17 |       ||    84
       Eringya's Noxious |       |       |       |       |       |       |       |     4 |       ||     4
       Necromutation     |       |       |       |       |       |       |       |    12 |    95 ||   107
       Ozocubu's Armour  |       |       |       |       |       |       |       |     5 |    36 ||    41
       Shroud of Golubri |       |       |       |       |       |       |       |     1 |       ||     1
       Foxfire           |       |       |       |       |       |       |       |       |    11 ||    11
       Shatter           |       |       |       |       |       |       |       |       |    46 ||    46
       Bolt of Magma     |       |       |       |       |       |       |       |       |     5 ||     5
       Aura of Abjuratio |       |       |       |       |       |       |       |       |     2 ||     2
Invok: Receive Necronomi |       |       |       |       |     1 |       |       |       |       ||     1
       Renounce Religion |       |       |       |       |     1 |       |       |       |       ||     1
       Potion Petition   |       |       |       |       |       |     3 |     1 |     2 |    15 ||    21
       Call Merchant     |       |       |       |       |       |       |       |       |     8 ||     8
 Abil: Dig               |       |     1 |     1 |     6 |    11 |     7 |    29 |    11 |     3 ||    69
       Shaft Self        |       |       |       |       |       |       |       |     1 |       ||     1
Evoke: Wand              |       |       |       |       |       |     5 |     1 |       |    17 ||    23
       Staff of energy   |       |       |       |       |       |       |       |       |   149 ||   149
       Phantom mirror    |       |       |       |       |       |       |       |       |     5 ||     5
       Box of beasts     |       |       |       |       |       |       |       |       |     1 ||     1
  Use: Potion            |       |     8 |       |       |     5 |    10 |     7 |     2 |     1 ||    33
       Scroll            |       |     5 |       |     7 |     6 |    13 |     4 |     7 |     9 ||    51
 Stab: Sleeping          |     1 |     1 |       |       |       |       |       |       |       ||     2
       Confused          |       |     4 |     1 |       |       |       |       |       |       ||     5
  Eat: Chunk             |     1 |     9 |     9 |    18 |    15 |       |       |       |       ||    52
       Ration            |       |       |       |       |    17 |     8 |     7 |     8 |     5 ||    45
Armor: Robe              |     6 |    43 |    13 |       |       |       |       |       |       ||    62
       Troll leather arm |       |       |       |    13 |    59 |    42 |    45 |    48 |   296 ||   503
       Animal skin       |       |       |       |     3 |       |       |       |       |       ||     3
Dodge: Dodged            |    32 |   114 |    50 |    83 |   214 |   168 |   151 |   108 |   359 ||  1279
Block: Kite shield       |       |       |       |    88 |   261 |   195 |   101 |       |       ||   645
       Tower shield      |       |       |       |       |       |       |   156 |   322 |   802 ||  1280

Table legend:
 A = Non-vault XP
 B = Vault XP
 C = Vault XP percentage of total XP
 D = Non-vault monster count
 E = Vault monster count
 F = Vault count percentage of total count
                 A         B        C        D         E       F
            +---------+---------+-------+---------+---------+-------
      Total |  544304 |  907751 |  62.5 |    1475 |     994 |  40.3
            +---------+---------+-------+---------+---------+-------
        D:1 |      50 |       0 |   0.0 |      18 |       0 |   0.0
        D:2 |      41 |       0 |   0.0 |      17 |       0 |   0.0
        D:3 |     147 |       2 |   1.3 |      30 |       2 |   6.2
        D:4 |     188 |      46 |  19.7 |       9 |       1 |  10.0
        D:5 |     304 |       0 |   0.0 |      15 |       0 |   0.0
        D:6 |    1503 |       0 |   0.0 |      38 |       0 |   0.0
        D:7 |    1491 |     941 |  38.7 |      18 |       5 |  21.7
        D:8 |    2366 |    3054 |  56.3 |      34 |      12 |  26.1
        D:9 |    1406 |       0 |   0.0 |      27 |       0 |   0.0
       D:10 |    1618 |       0 |   0.0 |      27 |       0 |   0.0
       D:11 |    5084 |       0 |   0.0 |      42 |       0 |   0.0
       D:12 |    9161 |       0 |   0.0 |      61 |       0 |   0.0
       D:13 |    8184 |    4622 |  36.1 |      47 |      35 |  42.7
       D:14 |    5063 |    6487 |  56.2 |      20 |      21 |  51.2
       D:15 |    6742 |    1917 |  22.1 |      18 |       1 |   5.3
     Lair:1 |    3132 |    4667 |  59.8 |      16 |      12 |  42.9
     Lair:2 |    5147 |    2680 |  34.2 |      19 |       6 |  24.0
     Lair:3 |    3200 |     600 |  15.8 |      17 |      13 |  43.3
     Lair:4 |    6900 |    1895 |  21.5 |      31 |       7 |  18.4
     Lair:5 |    5370 |     671 |  11.1 |      21 |       2 |   8.7
     Lair:6 |    9491 |    9297 |  49.5 |      30 |      20 |  40.0
    Swamp:1 |   15379 |    2030 |  11.7 |      41 |       4 |   8.9
    Swamp:2 |   13233 |    2036 |  13.3 |      30 |       1 |   3.2
    Swamp:3 |   18901 |       0 |   0.0 |      36 |       0 |   0.0
    Swamp:4 |   17660 |   18904 |  51.7 |      42 |      25 |  37.3
    Snake:1 |   20223 |    6606 |  24.6 |      32 |      15 |  31.9
    Snake:2 |   17478 |    8747 |  33.4 |      31 |      12 |  27.9
    Snake:3 |   20081 |    3830 |  16.0 |      45 |       2 |   4.3
    Snake:4 |   16312 |   31178 |  65.7 |      30 |      42 |  58.3
      Orc:1 |    4648 |       0 |   0.0 |      55 |       0 |   0.0
      Orc:2 |    2238 |   15337 |  87.3 |      29 |      45 |  60.8
      Elf:1 |   21444 |   11945 |  35.8 |      38 |      19 |  33.3
      Elf:2 |   27032 |   25803 |  48.8 |      42 |      31 |  42.5
      Elf:3 |   16022 |   48966 |  75.3 |      25 |      38 |  60.3
   Vaults:1 |   23501 |   23815 |  50.3 |      35 |      35 |  50.0
   Vaults:2 |   53788 |    8974 |  14.3 |      84 |      11 |  11.6
   Vaults:3 |   26615 |   32945 |  55.3 |      51 |      43 |  45.7
   Vaults:4 |   53259 |   57728 |  52.0 |      92 |      62 |  40.3
   Vaults:5 |   17235 |  114752 |  86.9 |      22 |      67 |  75.3
    Crypt:1 |   31469 |    2527 |   7.4 |      52 |       3 |   5.5
    Crypt:2 |   27841 |   25395 |  47.7 |      36 |      39 |  52.0
    Crypt:3 |       0 |   66518 | 100.0 |       0 |      82 | 100.0
     Tomb:1 |    7236 |  161807 |  95.7 |      29 |      72 |  71.3
     Tomb:2 |    6638 |  110771 |  94.3 |      20 |      98 |  83.1
     Tomb:3 |    9483 |   78199 |  89.2 |      23 |      56 |  70.9
      Sewer |       0 |     158 | 100.0 |       0 |       9 | 100.0
      IceCv |       0 |   11901 | 100.0 |       0 |      46 | 100.0
            +---------+---------+-------+---------+---------+-------
